 Dungeon Crawl Stone Soup version 0.21-a0-498-g1b60429 (webtiles) character file.

254 kiturien the Skirmisher (level 5, -2/47 HPs)
             Began as a Minotaur Fighter on Nov 24, 2017.
             Killed from afar by Megalobster's ghost (16 damage)
             ... with a lance of force
             ... on level 4 of the Dungeon.
             The game lasted 00:07:21 (2418 turns).

kiturien the Skirmisher (Minotaur Fighter)          Turns: 2418, Time: 00:07:21

Health: -2/47      AC:  6    Str: 22    XL:     5   Next: 90%
Magic:  4/4        EV:  7    Int:  5    God:
Gold:   170        SH:  9    Dex:  9    Spells: 4/4 levels left

rFire    . . .     SeeInvis +   a - +0 long sword
rCold    . . .     Gourm    .   c - +0 shield
rNeg     . . .     Faith    .   b - +0 scale mail
rPois    .         Spirit   .   (helmet restricted)
rElec    .         Reflect  .   (no cloak)
rCorr    .         Harm     .   (no gloves)
MR       .....                  (no boots)
Stlth    ..........             (no amulet)
HPRegen  0.15/turn              n - ring of see invisible
MPRegen  0.09/turn              (no ring)

@: heavily drained
A: retaliatory headbutt, horns 2
a: no special abilities


You were on level 4 of the Dungeon.
You were not hungry.

You visited 1 branch of the dungeon, and saw 4 of its levels.

You collected 170 gold pieces.

Inventory:

Hand Weapons
 a - a +0 long sword (weapon)
Armour
 b - a +0 scale mail (worn)
 c - a +0 shield (worn)
Jewellery
 n - a ring of see invisible (left hand)
Scrolls
 k - 3 scrolls of identify
 m - a scroll of blinking
 p - a scroll of enchant weapon {unknown}
 r - a scroll of fog {unknown}
 s - a scroll of remove curse
 t - a scroll of teleportation
Potions
 d - a potion of might
 e - 2 potions of invisibility
 j - a potion of curing
 o - a potion of brilliance {unknown}
 q - a potion of heal wounds {unknown}
Comestibles
 f - 3 bread rations
 g - 6 fruits
 h - a royal jelly
 l - 3 meat rations


   Skills:
 * Level 4.9(3.7) Fighting
 + Level 4.6(3.4) Long Blades
 + Level 4.6(3.4) Armour
 + Level 1.6(0.5) Dodging
 + Level 4.8(3.6) Shields


You had 4 spell levels left.
You didn't know any spells.

Dungeon Overview and Level Annotations

Branches:
Dungeon (4/15)
 Temple: D:4-7

Altars:
Okawaru

Annotations:
D:4 Megalobster's ghost, amateur DECj


Innate Abilities, Weirdness & Mutations

You reflexively headbutt those who attack you in melee.
You have a pair of horns on your head.


Message History

Megalobster's ghost is lightly damaged.
Megalobster's ghost whispers, "Soon you will have time, lots of time..."
Megalobster's ghost barely misses you.
Megalobster's ghost hits you but does no damage.
You bump into the rock wall.
Megalobster's ghost hits you but does no damage.
You bump into the rock wall.
You feel less confused.
Megalobster's ghost casts a spell at you.
The magic dart hits you!
* * * LOW HITPOINT WARNING * * *
You closely miss Megalobster's ghost.
Megalobster's ghost is lightly damaged.
Megalobster's ghost gestures at you while chanting.
The spray of energy misses you.
You miss Megalobster's ghost.
Megalobster's ghost is lightly damaged.
Megalobster's ghost casts a spell at you.
The lance of force hits you!
You die...

################
#<#...@W)....).#
#.#.#####....#.#
#...# '#....#
##### .. ...#
... W.+ .... .#
..... . .!....


You could see Megalobster's ghost.

Vanquished Creatures
  A hound zombie (D:2)
  10 gnolls
  7 adders
  A worm (D:2)
  2 dart slugs
  2 leopard geckos (D:2)
  5 orcs (D:3)
  3 giant cockroaches
  7 goblins
  9 hobgoblins
  8 kobolds
  8 bats
  6 frilled lizards
  10 rats
79 creatures vanquished.

Notes
Turn   | Place    | Note
-------+----------+-------------------------------------------
     0 | D:1      | kiturien the Minotaur Fighter began the quest for the Orb.
     0 | D:1      | Reached XP level 1. HP: 19/19 MP: 0/0
   100 | D:1      | Reached XP level 2. HP: 27/27 MP: 1/1
   773 | D:2      | Reached XP level 3. HP: 33/33 MP: 2/2
   906 | D:2      | Reached XP level 4. HP: 33/40 MP: 3/3
   954 | D:2      | Reached skill level 1 in Dodging
  1635 | D:2      | Reached XP level 5. HP: 37/47 MP: 4/4
  2147 | D:3      | Found an iron altar of Okawaru.
  2384 | D:4      | Noticed Megalobster's ghost (amateur DECj)
  2418 | D:4      | Killed from afar by Megalobster's ghost

Vault maps used:
D:1:      grunt_arrival_lava_bath
D:2:      first_bread
D:3:      okawaru_metal_pillars_1_2
D:4:      nicolae_qazlal_general_emergency, kennysheep_generic_room_7

Skill      XL: |  1  2  3  4 |
---------------+-------------+-----
Fighting       | 4 |  4.9
Shields        | 4 |  4.8
Armour         | 4 |  4.6
Long Blades    | 3 4 |  4.6
Dodging        | 1 |  1.6

Action                   |  1- 3 |  4- 6 || total
-------------------------+-------+-------++-------
Melee: Long sword        |    72 |   133 ||   205
       Headbutt          |    13 |    19 ||    32
  Use: Potion            |     2 |     2 ||     4
       Scroll            |       |     4 ||     4
  Eat: Chunk             |       |     5 ||     5
Armor: Scale mail        |    20 |    53 ||    73
Dodge: Dodged            |    20 |    60 ||    80
Block: Shield            |    28 |    81 ||   109
       Rpst.: Long sword |     4 |    10 ||    14

Table legend:
 A = Spawn XP
 B = Non-spawn XP
 C = Spawn XP percentage of total XP
 D = Spawn monster count
 E = Non-spawn monster count
 F = Spawn count percentage of total count
 G = Total turns spent on level
                    A         B        C        D         E        F      G
               +---------+---------+-------+---------+---------+-------+---------
         Total |       0 |     363 |   0.0 |       0 |      79 |   0.0 |  2418
               +---------+---------+-------+---------+---------+-------+---------
           D:1 |       0 |      39 |   0.0 |       0 |      25 |   0.0 |   960
           D:2 |       0 |     216 |   0.0 |       0 |      35 |   0.0 |  1016
           D:3 |       0 |      52 |   0.0 |       0 |      14 |   0.0 |   396
           D:4 |       0 |      56 |   0.0 |       0 |       5 |   0.0 |    46
               +---------+---------+-------+---------+---------+-------+---------
